Blues vs Devils
(R3)
Created - December 7, 2020 at 19:13
Goals
|
| Blues |
1 |
0 |
3 |
1 |
5 |
| Devils |
1 |
1 |
2 |
0 |
4 |
|
Shots
|
| Blues |
5 |
8 |
8 |
4 |
25 |
| Devils |
13 |
18 |
8 |
1 |
40 |
|
1st period
1. Blues , Filip Forsberg 3 (Ryan O'Reilly 9, Nicklas Backstrom 22) at 3:27
2. Devils , Brad Richardson 1 (Thomas Hickey 2, Eric Tangradi 3) at 6:43
Penalties :
Thomas Hickey (NJD) for High sticking (Double Minor) at 11:23, Filip Forsberg (STL) for Slashing (Minor) at 18:19
2nd period
3. Devils , Eric Tangradi 4 (Brad Richardson 3, Nick Bonino 3) at 4:01
Penalties :
Jake Gardiner (STL) for Hooking (Minor) at 1:52, Brad Richardson (NJD) for Tripping (Minor) at 8:01, Gustav Nyquist (STL) for Hooking (Minor) at 12:17, Gustav Nyquist (STL) for Tripping (Minor) at 16:46
3rd period
4. Devils , Anton Stralman 3 (Marian Gaborik 21, Nazem Kadri 23) at 2:33 (PP)
5. Blues , Anthony Mantha 2 (Nicklas Backstrom 23) at 2:37
6. Devils , Brad Richards 7 (Patrick Kaleta 5) at 6:03
7. Blues , Sergei Shirokov 7 (Shayne Gostisbehere 5, Gustav Nyquist 1) at 17:21 (PP)
8. Blues , Ryan O'Reilly 7 (Alex Pietrangelo 20, Nicklas Backstrom 24) at 18:17
Penalties :
Fabian Brunnstrom (STL) for Kneeing (Minor) at 2:30, Anthony Mantha (STL) for Hooking (Minor) at 9:22, Nick Bonino (NJD) for Interference (Minor) at 16:43
Overtime #1
9. Blues , Ryan O'Reilly 8 (David Perron 14, Jake Gardiner 7) at 2:54
Penalties :
No Penalty
Goalie Stats
Carey Price (STL), 36 saves from 40 shots - (0.900), W, 9-4-4, 62:54 minutes
Maxime Daigneault (NJD), 20 saves from 25 shots - (0.800), OTL, 10-7-2, 62:54 minutes
Players Stats for Blues
Player Name G A P +/- PIM S H SB GA TA FO MP PP MP PK MP
------------------------------------------------------------------------------------
Alex Pietrangelo 0 1 1 0 0 3 1 1 2 1 0/0 24:12 3:41 0:04
Anthony Mantha 1 0 1 0 2 1 4 2 0 1 2/3 18:14 0:00 0:00
Cody Ceci 0 0 0 0 0 1 0 0 0 2 0/0 21:27 0:00 5:55
David Perron 0 1 1 1 0 2 1 1 2 1 0/0 23:00 2:56 3:15
Drew Shore 0 0 0 0 0 1 2 0 0 2 4/13 14:29 0:00 5:27
Fabian Brunnstrom 0 0 0 0 2 2 1 0 0 0 0/0 10:13 0:00 1:01
Filip Forsberg 1 0 1 2 2 3 0 0 0 2 0/0 15:42 3:40 1:15
Gustav Nyquist 0 1 1 0 4 1 2 0 0 0 0/0 13:06 3:40 0:00
Jake Gardiner 0 1 1 0 2 0 4 2 0 0 0/0 23:28 3:41 3:24
Jimmy Vesey 0 0 0 -1 0 0 1 0 0 0 0/0 6:27 0:00 0:00
Nicklas Backstrom 0 3 3 0 0 2 2 0 1 0 17/28 21:48 3:40 0:00
Ryan Murray 0 0 0 1 0 1 2 1 0 1 0/0 24:27 2:55 4:24
Ryan O'Reilly 2 1 3 2 0 3 0 0 0 0 3/13 18:15 2:56 3:35
Sergei Shirokov 1 0 1 2 0 3 0 0 0 0 3/3 14:37 2:56 0:00
Shayne Gostisbehere 0 1 1 -1 0 0 0 1 0 0 0/0 14:51 2:55 0:39
Simon Gagné 0 0 0 -2 0 0 0 0 0 2 0/1 12:30 0:00 5:23
Vincent Lecavalier 0 0 0 -1 0 0 0 0 0 0 1/2 7:14 0:00 0:00
Yann Sauvé 0 0 0 1 0 2 1 0 0 0 0/0 17:32 0:00 5:30
Players Stats for Devils
Player Name G A P +/- PIM S H SB GA TA FO MP PP MP PK MP
------------------------------------------------------------------------------------
Anton Stralman 1 0 1 -1 0 5 1 2 0 1 0/0 28:58 5:57 3:34
Brad Richards 1 0 1 1 0 3 0 0 0 0 6/9 14:55 4:27 1:27
Brad Richardson 1 1 2 2 2 3 1 0 0 1 0/1 7:55 0:00 0:00
Chris Stewart 0 0 0 -2 0 1 0 0 1 0 2/2 17:04 4:27 0:00
Eric Tangradi 1 1 2 2 0 3 0 0 0 0 0/0 9:14 0:00 1:20
Jamie Arniel 0 0 0 -2 0 5 0 0 0 0 7/13 14:35 0:11 1:39
Josh Gorges 0 0 0 0 0 0 0 2 0 0 0/0 22:44 4:01 3:24
Kristopher Letang 0 0 0 -1 0 2 1 0 3 0 0/0 26:29 5:57 0:10
Marian Gaborik 0 1 1 -1 0 3 1 0 4 0 0/1 20:00 5:31 0:00
Martin Samuelsson 0 0 0 0 0 0 2 0 0 0 1/5 12:19 0:00 3:30
Matt Donovan 0 0 0 0 0 1 4 0 0 0 0/0 13:41 0:00 3:02
Michael Del Zotto 0 0 0 0 0 1 2 1 0 1 0/0 22:48 4:01 3:02
Nazem Kadri 0 1 1 -1 0 2 4 0 0 0 15/24 21:42 5:20 0:00
Nick Bonino 0 1 1 2 2 2 0 0 1 0 1/2 7:53 0:00 0:00
Patrick Kaleta 0 1 1 0 0 2 1 0 0 0 0/1 13:09 0:11 3:37
Thomas Hickey 0 1 1 0 4 0 1 0 0 1 0/0 11:11 0:00 0:00
Tyler Ennis 0 0 0 -1 0 3 1 0 1 1 0/2 21:33 5:20 0:00
Zach Parise 0 0 0 -2 0 4 0 1 2 0 1/3 18:47 4:27 1:39
3 Stars
1 - Ryan O'Reilly (STL)
2 - Eric Tangradi (NJD)
3 - Nicklas Backstrom (STL)
Power Play
Blues - 1 on 4 Attempt(s) - 25.00%
Devils - 1 on 6 Attempt(s) - 16.67%
Penalty Kill
Blues - 5 on 6 Attempt(s) - 83.33%
- Score 0 goal in Penalty Kill
Devils - 3 on 4 Attempt(s) - 75.00%
- Score 0 goal in Penalty Kill
Team Stat
Blues - Hits : 21 - Faceoff Wins : 30 - Blocked Shots : 8 - Penalty Minutes : 12
Devils - Hits : 19 - Faceoff Wins : 33 - Blocked Shots : 6 - Penalty Minutes : 8
Official
Referees : Unknown
Linesman : Unknown
Game Notes
No Game Note
Finance
Level 1 -- Attendance: 6000 (100.00%) -- Ticket Income $630,000
Level 2 -- Attendance: 4868 (97.36%) -- Ticket Income $316,420
Level 3 -- Attendance: 1839 (91.95%) -- Ticket Income $73,560
Level 4 -- Attendance: 3528 (88.20%) -- Ticket Income $105,840
Luxury Box -- Attendance: 951 (95.10%) -- Ticket Income $171,180
Game was played at the The Pack Center.
Total Attendance: 17186 (95.48%)
Total Ticket Income: $1,297,000
Other Income: $194,550
Total Income: $1,491,550
Blues
5 vs 5 Forward
Center Left Wing Right Wing Time % Phy DF OF
1 Nicklas Backstrom David Perron Anthony Mantha 40 1 2 2
2 Ryan O'Reilly Filip Forsberg Sergei Shirokov 30 1 2 2
3 Drew Shore Fabian Brunnstrom Gustav Nyquist 20 1 2 2
4 Vincent Lecavalier Jimmy Vesey Simon Gagné 10 1 2 2
5 vs 5 Defense
Defense Defense Time % Phy DF OF
1 Alex Pietrangelo Ryan Murray 40 1 2 2
2 Cody Ceci Jake Gardiner 30 1 2 2
3 Yann Sauvé Shayne Gostisbehere 20 1 2 2
4 Alex Pietrangelo Jake Gardiner 10 1 2 2
PowerPlay Forward
Center Left Wing Right Wing Time % Phy DF OF
1 Nicklas Backstrom Filip Forsberg Gustav Nyquist 60 1 1 3
2 Ryan O'Reilly David Perron Sergei Shirokov 40 1 1 3
PowerPlay Defense
Defense Defense Time % Phy DF OF
1 Alex Pietrangelo Jake Gardiner 60 1 2 2
2 Shayne Gostisbehere Ryan Murray 40 1 2 2
Penalty Kill 4 Players Forward
Center Wing Time % Phy DF OF
1 Drew Shore Simon Gagné 60 1 3 1
2 Ryan O'Reilly David Perron 40 1 3 1
Penalty Kill 4 Players Defense
Defense Defense Time % Phy DF OF
1 Yann Sauvé Cody Ceci 60 2 3 0
2 Ryan Murray Jake Gardiner 40 2 3 0
Penalty Kill - 3 Players Forward
Forward Time % Phy DF OF
1 Nicklas Backstrom 60 1 2 2
2 Drew Shore 40 1 2 2
Penalty Kill - 3 Players Defense
Defense Defense Time % Phy DF OF
1 Alex Pietrangelo Cody Ceci 60 1 2 2
2 Ryan Murray Yann Sauvé 40 1 2 2
4 vs 4 Forward
Center Wing Time % Phy DF OF
1 Nicklas Backstrom Anthony Mantha 60 1 2 2
2 Ryan O'Reilly David Perron 40 1 2 2
4 vs 4 Defense
Defense Defense Time % Phy DF OF
1 Alex Pietrangelo Cody Ceci 60 1 2 2
2 Jake Gardiner Yann Sauvé 40 1 2 2
Last Minutes Offensive
Center Left Wing Right Wing Defense Defense
Nicklas Backstrom David Perron Anthony Mantha Alex Pietrangelo Jake Gardiner
Last Minutes Defensive
Center Left Wing Right Wing Defense Defense
Drew Shore David Perron Anthony Mantha Yann Sauvé Cody Ceci
Goaltenders
Starting : Carey Price
Backup : Pascal Leclaire
Extra Forwards
Normal : Sergei Shirokov, Vincent Lecavalier, Simon Gagné - PP : Gustav Nyquist, Nicklas Backstrom - PK : Filip Forsberg
Extra Defensemen
Normal : Shayne Gostisbehere, Cody Ceci, Jake Gardiner - PP : Shayne Gostisbehere - PK : Shayne Gostisbehere, Jake Gardiner
Penalty Shots
David Perron, Simon Gagné, Filip Forsberg, Vincent Lecavalier, Nicklas Backstrom
Scratches
Jordan Eberle (Suspend)
Devils
5 vs 5 Forward
Center Left Wing Right Wing Time % Phy DF OF
1 Nazem Kadri Tyler Ennis Marian Gaborik 36 0 2 3
2 Jamie Arniel Zach Parise Chris Stewart 32 0 2 3
3 Brad Richards Martin Samuelsson Patrick Kaleta 22 0 2 3
4 Nick Bonino Eric Tangradi Brad Richardson 10 0 2 3
5 vs 5 Defense
Defense Defense Time % Phy DF OF
1 Kristopher Letang Anton Stralman 40 0 3 2
2 Michael Del Zotto Josh Gorges 35 0 3 2
3 Thomas Hickey Matt Donovan 25 0 3 2
4 Kristopher Letang Anton Stralman 0 1 2 2
PowerPlay Forward
Center Left Wing Right Wing Time % Phy DF OF
1 Nazem Kadri Tyler Ennis Marian Gaborik 60 0 1 4
2 Brad Richards Zach Parise Chris Stewart 40 0 1 4
PowerPlay Defense
Defense Defense Time % Phy DF OF
1 Kristopher Letang Anton Stralman 60 0 1 4
2 Michael Del Zotto Josh Gorges 40 0 1 4
Penalty Kill 4 Players Forward
Center Wing Time % Phy DF OF
1 Martin Samuelsson Patrick Kaleta 60 1 3 1
2 Jamie Arniel Zach Parise 40 1 3 1
Penalty Kill 4 Players Defense
Defense Defense Time % Phy DF OF
1 Anton Stralman Josh Gorges 60 1 4 0
2 Michael Del Zotto Matt Donovan 40 1 4 0
Penalty Kill - 3 Players Forward
Forward Time % Phy DF OF
1 Zach Parise 60 1 3 1
2 Brad Richards 40 1 3 1
Penalty Kill - 3 Players Defense
Defense Defense Time % Phy DF OF
1 Kristopher Letang Anton Stralman 60 1 4 0
2 Michael Del Zotto Josh Gorges 40 1 4 0
4 vs 4 Forward
Center Wing Time % Phy DF OF
1 Nazem Kadri Tyler Ennis 60 0 2 3
2 Brad Richards Marian Gaborik 40 0 2 3
4 vs 4 Defense
Defense Defense Time % Phy DF OF
1 Kristopher Letang Anton Stralman 60 0 3 2
2 Michael Del Zotto Josh Gorges 40 0 3 2
Last Minutes Offensive
Center Left Wing Right Wing Defense Defense
Nazem Kadri Tyler Ennis Marian Gaborik Kristopher Letang Michael Del Zotto
Last Minutes Defensive
Center Left Wing Right Wing Defense Defense
Jamie Arniel Zach Parise Patrick Kaleta Josh Gorges Anton Stralman
Goaltenders
Starting : Maxime Daigneault
Backup : Thomas McCollum
Extra Forwards
Normal : Brad Richards, Patrick Kaleta, Martin Samuelsson - PP : Jamie Arniel, Patrick Kaleta - PK : Brad Richards
Extra Defensemen
Normal : Kristopher Letang, Matt Donovan, Michael Del Zotto - PP : Michael Del Zotto - PK : Kristopher Letang, Anton Stralman
Penalty Shots
Marian Gaborik, Tyler Ennis, Nazem Kadri, Chris Stewart, Zach Parise
Scratches
Mike Weber (Healthy)
% Time on Ice - Blues
Lines # - Real PCT - Wanted PCT - Time Play
Normal Forward
1 - 39% - 40% - 16:59
2 - 25% - 30% - 10:59
3 - 21% - 20% - 9:01
4 - 15% - 10% - 6:27
Normal Defense
1 - 40% - 40% - 17:19
2 - 32% - 30% - 14:01
3 - 23% - 20% - 9:59
4 - 5% - 10% - 2:07
PP Forward
1 - 56% - 60% - 3:40
2 - 44% - 40% - 2:56
PP Defense
1 - 56% - 60% - 3:41
2 - 44% - 40% - 2:55
PK Forward
1 - 67% - 60% - 6:43
2 - 33% - 40% - 3:15
PK Defense
1 - 55% - 60% - 5:30
2 - 45% - 40% - 4:28
PK3 Forward
1 - 0% - 60%
2 - 0% - 40%
PK3 Defense
1 - 0% - 60%
2 - 0% - 40%
44 Forward
1 - 80% - 60% - 2:19
2 - 20% - 40% - 0:35
44 Defense
1 - 60% - 60% - 1:45
2 - 40% - 40% - 1:09
Last Minute Offensive - 0:00
Last Minute Defensive - 0:00
Total
Forward - 62:54
Defense - 62:54
|
% Time on Ice - Devils
Lines # - Real PCT - Wanted PCT - Time Play
Normal Forward
1 - 34% - 36% - 14:47
2 - 29% - 32% - 12:41
3 - 19% - 22% - 8:04
4 - 18% - 10% - 7:54
Normal Defense
1 - 41% - 40% - 17:38
2 - 34% - 35% - 14:40
3 - 26% - 25% - 11:08
4 - 0% - 0% - 0:00
PP Forward
1 - 55% - 60% - 5:31
2 - 45% - 40% - 4:27
PP Defense
1 - 60% - 60% - 5:57
2 - 40% - 40% - 4:01
PK Forward
1 - 75% - 60% - 4:57
2 - 25% - 40% - 1:39
PK Defense
1 - 54% - 60% - 3:34
2 - 46% - 40% - 3:02
PK3 Forward
1 - 0% - 60%
2 - 0% - 40%
PK3 Defense
1 - 0% - 60%
2 - 0% - 40%
44 Forward
1 - 94% - 60% - 2:43
2 - 6% - 40% - 0:11
44 Defense
1 - 74% - 60% - 2:09
2 - 26% - 40% - 0:45
Last Minute Offensive - 0:00
Last Minute Defensive - 0:00
Total
Forward - 62:54
Defense - 62:54
|
Play-by-Play
1st period
0:01 of 1st period - Nicklas Backstrom wins face-off versus Nazem Kadri in neutral zone.
0:30 of 1st period - Slapshot by Patrick Kaleta.
0:30 of 1st period - Stopped by Carey Price without a rebound.
0:31 of 1st period - Brad Richards wins face-off versus Ryan O'Reilly in Blues zone.
0:56 of 1st period - Fabian Brunnstrom is hit by Michael Del Zotto and loses puck.
1:07 of 1st period - Snap shot by Chris Stewart.
1:07 of 1st period - Stopped by Carey Price with a rebound.
1:43 of 1st period - David Perron is hit by Brad Richardson and loses puck.
1:48 of 1st period - Slapshot by Nick Bonino.
1:48 of 1st period - Stopped by Carey Price with a rebound.
1:50 of 1st period - Slapshot by Matt Donovan.
1:50 of 1st period - Shot Misses the Net.
1:52 of 1st period - Slapshot by Brad Richardson.
1:52 of 1st period - Shot Misses the Net.
2:25 of 1st period - Brad Richards is hit by Drew Shore.
2:45 of 1st period - Michael Del Zotto is hit by Yann Sauvé and loses puck.
3:27 of 1st period - Wrist shot by Filip Forsberg.
3:27 of 1st period - Goal by Filip Forsberg - Blues : 1 - Devils : 0.
3:28 of 1st period - Ryan O'Reilly wins face-off versus Jamie Arniel in neutral zone.
3:33 of 1st period - Wrist shot by Filip Forsberg.
3:33 of 1st period - Stopped by Maxime Daigneault with a rebound.
3:35 of 1st period - Snap shot by Alex Pietrangelo.
3:35 of 1st period - Shot Misses the Net.
3:58 of 1st period - Off-side.
3:59 of 1st period - Nazem Kadri wins face-off versus Nicklas Backstrom in neutral zone.
4:18 of 1st period - Snap shot by David Perron.
4:18 of 1st period - Shot Misses the Net.
4:30 of 1st period - Off-side.
4:31 of 1st period - Brad Richards wins face-off versus Ryan O'Reilly in neutral zone.
5:01 of 1st period - Off-side.
5:02 of 1st period - Drew Shore wins face-off versus Jamie Arniel in neutral zone.
5:17 of 1st period - Wrist shot by Fabian Brunnstrom.
5:17 of 1st period - Shot Misses the Net.
6:12 of 1st period - Wrist shot by Vincent Lecavalier.
6:12 of 1st period - Deflect By Josh Gorges.
6:12 of 1st period - Shot Misses the Net.
6:12 of 1st period - Puck is out of play.
6:13 of 1st period - Nick Bonino wins face-off versus Vincent Lecavalier in Devils zone.
6:13 of 1st period - Nick Bonino is hit by Jimmy Vesey.
6:21 of 1st period - Snap shot by Eric Tangradi.
6:21 of 1st period - Stopped by Carey Price with a rebound.
6:23 of 1st period - Slapshot by Kristopher Letang.
6:23 of 1st period - Shot Misses the Net.
6:41 of 1st period - Slapshot by Eric Tangradi.
6:41 of 1st period - Shot Misses the Net.
6:43 of 1st period - Snap shot by Thomas Hickey.
6:43 of 1st period - Deflect By Brad Richardson.
6:43 of 1st period - Goal by Brad Richardson - Blues : 1 - Devils : 1.
6:44 of 1st period - Nicklas Backstrom wins face-off versus Jamie Arniel in neutral zone.
6:59 of 1st period - Wrist shot by Nicklas Backstrom.
6:59 of 1st period - Stopped by Maxime Daigneault without a rebound.
7:00 of 1st period - Nazem Kadri wins face-off versus Ryan O'Reilly in Devils zone.
7:00 of 1st period - Nazem Kadri is hit by Alex Pietrangelo.
7:18 of 1st period - Alex Pietrangelo is hit by Nazem Kadri and loses puck.
7:53 of 1st period - Cody Ceci is hit by Matt Donovan and loses puck.
8:27 of 1st period - Wrist shot by Jimmy Vesey.
8:27 of 1st period - Shot Blocked by Anton Stralman.
8:45 of 1st period - Off-side.
8:46 of 1st period - Nicklas Backstrom wins face-off versus Nazem Kadri in neutral zone.
8:49 of 1st period - Slapshot by Alex Pietrangelo.
8:49 of 1st period - Shot Blocked by Josh Gorges.
9:12 of 1st period - Slapshot by David Perron.
9:12 of 1st period - Stopped by Maxime Daigneault with a rebound.
9:22 of 1st period - Marian Gaborik is hit by Anthony Mantha and loses puck.
10:07 of 1st period - Snap shot by David Perron.
10:07 of 1st period - Deflect By Michael Del Zotto.
10:07 of 1st period - Stopped by Maxime Daigneault without a rebound.
10:08 of 1st period - Ryan O'Reilly wins face-off versus Zach Parise in Devils zone.
10:09 of 1st period - Wrist shot by Filip Forsberg.
10:09 of 1st period - Deflect By Ryan O'Reilly.
10:09 of 1st period - Shot Misses the Net.
10:09 of 1st period - Puck is out of play.
10:10 of 1st period - Jamie Arniel wins face-off versus Ryan O'Reilly in Devils zone.
11:23 of 1st period - Double Minor Penalty to Thomas Hickey for High sticking.
11:24 of 1st period - Nicklas Backstrom wins face-off versus Martin Samuelsson in Devils zone.
11:39 of 1st period - Martin Samuelsson is hit by Nicklas Backstrom.
13:11 of 1st period - Snap shot by Jamie Arniel.
13:11 of 1st period - Stopped by Carey Price without a rebound.
13:12 of 1st period - Jamie Arniel wins face-off versus Nicklas Backstrom in Blues zone.
13:19 of 1st period - Wrist shot by Zach Parise.
13:19 of 1st period - Shot Misses the Net.
13:21 of 1st period - Slapshot by Jamie Arniel.
13:21 of 1st period - Deflect By Zach Parise.
13:21 of 1st period - Shot Misses the Net.
13:21 of 1st period - Puck is out of play.
13:22 of 1st period - Martin Samuelsson wins face-off versus Nicklas Backstrom in Blues zone.
13:27 of 1st period - Snap shot by Matt Donovan.
13:27 of 1st period - Shot Misses the Net.
13:29 of 1st period - Slapshot by Matt Donovan.
13:29 of 1st period - Stopped by Carey Price without a rebound.
13:30 of 1st period - Ryan O'Reilly wins face-off versus Patrick Kaleta in Blues zone.
14:37 of 1st period - Jamie Arniel is hit by David Perron and loses puck.
14:56 of 1st period - Backhand shot by Eric Tangradi.
14:56 of 1st period - Stopped by Carey Price with a rebound.
14:58 of 1st period - Slapshot by Anton Stralman.
14:58 of 1st period - Stopped by Carey Price with a rebound.
15:00 of 1st period - Snap shot by Anton Stralman.
15:00 of 1st period - Shot Blocked by Ryan Murray.
15:23 of 1st period - Penalty to Thomas Hickey is over, Thomas Hickey is back on ice.
15:36 of 1st period - Simon Gagné is hit by Matt Donovan and loses puck.
15:43 of 1st period - Slapshot by Marian Gaborik.
15:43 of 1st period - Shot Blocked by Alex Pietrangelo.
16:08 of 1st period - Wrist shot by Chris Stewart.
16:08 of 1st period - Deflect By Zach Parise.
16:08 of 1st period - Stopped by Carey Price with a rebound.
16:14 of 1st period - Shayne Gostisbehere is hit by Matt Donovan and loses puck.
18:02 of 1st period - Icing by Jake Gardiner.
18:03 of 1st period - Anthony Mantha wins face-off versus Nick Bonino in Blues zone.
18:10 of 1st period - Snap shot by Brad Richardson.
18:10 of 1st period - Stopped by Carey Price with a rebound.
18:12 of 1st period - Snap shot by Eric Tangradi.
18:12 of 1st period - Shot Blocked by David Perron.
18:14 of 1st period - Snap shot by Anton Stralman.
18:14 of 1st period - Stopped by Carey Price without a rebound.
18:15 of 1st period - Jamie Arniel wins face-off versus Ryan O'Reilly in Blues zone.
18:19 of 1st period - Minor Penalty to Filip Forsberg for Slashing.
18:20 of 1st period - Drew Shore wins face-off versus Nazem Kadri in Blues zone.
18:53 of 1st period - Snap shot by Brad Richards.
18:53 of 1st period - Stopped by Carey Price without a rebound.
18:54 of 1st period - Brad Richards wins face-off versus Drew Shore in Blues zone.
Goals for this period are 1 for Blues vs 1 for Devils.
Shots for this period are 5 for Blues vs 13 for Devils.
2nd period
0:01 of 2nd period - Nazem Kadri wins face-off versus Drew Shore in neutral zone.
0:19 of 2nd period - Penalty to Filip Forsberg is over, Filip Forsberg is back on ice.
0:41 of 2nd period - Slapshot by Marian Gaborik.
0:41 of 2nd period - Deflect By Nazem Kadri.
0:41 of 2nd period - Stopped by Carey Price without a rebound.
0:42 of 2nd period - Nicklas Backstrom wins face-off versus Jamie Arniel in Blues zone.
1:09 of 2nd period - Sergei Shirokov is hit by Martin Samuelsson and loses puck.
1:18 of 2nd period - Wrist shot by Brad Richards.
1:18 of 2nd period - Stopped by Carey Price with a rebound.
1:32 of 2nd period - Snap shot by Alex Pietrangelo.
1:32 of 2nd period - Stopped by Maxime Daigneault with a rebound.
1:34 of 2nd period - Slapshot by Ryan Murray.
1:34 of 2nd period - Stopped by Maxime Daigneault without a rebound.
1:35 of 2nd period - Jamie Arniel wins face-off versus Drew Shore in Devils zone.
1:35 of 2nd period - Jamie Arniel is hit by Gustav Nyquist.
1:41 of 2nd period - Slapshot by Kristopher Letang.
1:41 of 2nd period - Shot Blocked by Jake Gardiner.
1:52 of 2nd period - Minor Penalty to Jake Gardiner for Hooking.
1:53 of 2nd period - Nazem Kadri wins face-off versus Simon Gagné in Blues zone.
2:30 of 2nd period - Wrist shot by Anton Stralman.
2:30 of 2nd period - Shot Blocked by Shayne Gostisbehere.
2:34 of 2nd period - Slapshot by Zach Parise.
2:34 of 2nd period - Shot Misses the Net.
2:36 of 2nd period - Slapshot by Anton Stralman.
2:36 of 2nd period - Shot Misses the Net.
3:52 of 2nd period - Penalty to Jake Gardiner is over, Jake Gardiner is back on ice.
3:59 of 2nd period - Snap shot by Brad Richardson.
3:59 of 2nd period - Stopped by Carey Price with a rebound.
4:01 of 2nd period - Snap shot by Eric Tangradi.
4:01 of 2nd period - Goal by Eric Tangradi - Blues : 1 - Devils : 2.
4:02 of 2nd period - Anthony Mantha wins face-off versus Zach Parise in neutral zone.
4:31 of 2nd period - Wrist shot by Fabian Brunnstrom.
4:31 of 2nd period - Shot Blocked by Zach Parise.
4:38 of 2nd period - Icing by Kristopher Letang.
4:39 of 2nd period - Sergei Shirokov wins face-off versus Jamie Arniel in Devils zone.
4:40 of 2nd period - Slapshot by Filip Forsberg.
4:40 of 2nd period - Deflect By Sergei Shirokov.
4:40 of 2nd period - Stopped by Maxime Daigneault with a rebound.
5:28 of 2nd period - Snap shot by Jamie Arniel.
5:28 of 2nd period - Stopped by Carey Price with a rebound.
5:30 of 2nd period - Slapshot by Kristopher Letang.
5:30 of 2nd period - Shot Blocked by Jake Gardiner.
5:32 of 2nd period - Slapshot by Anton Stralman.
5:32 of 2nd period - Stopped by Carey Price with a rebound.
5:34 of 2nd period - Wrist shot by Zach Parise.
5:34 of 2nd period - Shot Misses the Net.
5:59 of 2nd period - Wrist shot by Jamie Arniel.
5:59 of 2nd period - Stopped by Carey Price with a rebound.
6:01 of 2nd period - Slapshot by Kristopher Letang.
6:01 of 2nd period - Stopped by Carey Price with a rebound.
6:03 of 2nd period - Snap shot by Kristopher Letang.
6:03 of 2nd period - Shot Blocked by Anthony Mantha.
6:23 of 2nd period - Slapshot by Zach Parise.
6:23 of 2nd period - Shot Misses the Net.
6:31 of 2nd period - Slapshot by Jamie Arniel.
6:31 of 2nd period - Stopped by Carey Price without a rebound.
6:32 of 2nd period - Nazem Kadri wins face-off versus Ryan O'Reilly in Blues zone.
6:59 of 2nd period - Patrick Kaleta is hit by Gustav Nyquist.
7:16 of 2nd period - Icing by Ryan Murray.
7:17 of 2nd period - Vincent Lecavalier wins face-off versus Brad Richardson in Blues zone.
7:17 of 2nd period - Vincent Lecavalier is hit by Thomas Hickey.
7:43 of 2nd period - Wrist shot by Fabian Brunnstrom.
7:43 of 2nd period - Stopped by Maxime Daigneault with a rebound.
7:45 of 2nd period - Snap shot by Yann Sauvé.
7:45 of 2nd period - Shot Misses the Net.
7:47 of 2nd period - Wrist shot by Gustav Nyquist.
7:47 of 2nd period - Stopped by Maxime Daigneault with a rebound.
7:49 of 2nd period - Snap shot by Drew Shore.
7:49 of 2nd period - Stopped by Maxime Daigneault with a rebound.
7:51 of 2nd period - Slapshot by Yann Sauvé.
7:51 of 2nd period - Deflect By Matt Donovan.
7:51 of 2nd period - Stopped by Maxime Daigneault with a rebound.
8:01 of 2nd period - Minor Penalty to Brad Richardson for Tripping.
8:02 of 2nd period - Nicklas Backstrom wins face-off versus Martin Samuelsson in Devils zone.
10:01 of 2nd period - Penalty to Brad Richardson is over, Brad Richardson is back on ice.
10:08 of 2nd period - Shayne Gostisbehere is hit by Kristopher Letang and loses puck.
10:42 of 2nd period - Snap shot by Marian Gaborik.
10:42 of 2nd period - Stopped by Carey Price with a rebound.
10:44 of 2nd period - Snap shot by Tyler Ennis.
10:44 of 2nd period - Stopped by Carey Price without a rebound.
10:45 of 2nd period - Jamie Arniel wins face-off versus Nicklas Backstrom in Blues zone.
10:48 of 2nd period - Backhand shot by Zach Parise.
10:48 of 2nd period - Shot Misses the Net.
10:50 of 2nd period - Snap shot by Jamie Arniel.
10:50 of 2nd period - Shot Misses the Net.
10:52 of 2nd period - Snap shot by Zach Parise.
10:52 of 2nd period - Stopped by Carey Price with a rebound.
10:54 of 2nd period - Snap shot by Zach Parise.
10:54 of 2nd period - Stopped by Carey Price without a rebound.
10:55 of 2nd period - Chris Stewart wins face-off versus Nicklas Backstrom in Blues zone.
11:06 of 2nd period - Wrist shot by Zach Parise.
11:06 of 2nd period - Shot Blocked by Anthony Mantha.
11:20 of 2nd period - Snap shot by Zach Parise.
11:20 of 2nd period - Stopped by Carey Price with a rebound.
11:46 of 2nd period - Slapshot by Josh Gorges.
11:46 of 2nd period - Shot Misses the Net.
11:48 of 2nd period - Wrist shot by Chris Stewart.
11:48 of 2nd period - Deflect By Jamie Arniel.
11:48 of 2nd period - Stopped by Carey Price without a rebound.
11:49 of 2nd period - Nazem Kadri wins face-off versus Ryan O'Reilly in Blues zone.
12:17 of 2nd period - Minor Penalty to Gustav Nyquist for Hooking.
12:18 of 2nd period - Nazem Kadri wins face-off versus Drew Shore in Blues zone.
14:08 of 2nd period - Ryan Murray is hit by Michael Del Zotto and loses puck.
14:17 of 2nd period - Penalty to Gustav Nyquist is over, Gustav Nyquist is back on ice.
15:54 of 2nd period - Thomas Hickey is hit by Jake Gardiner and loses puck.
16:34 of 2nd period - Thomas Hickey is hit by Ryan Murray and loses puck.
16:46 of 2nd period - Minor Penalty to Gustav Nyquist for Tripping.
16:47 of 2nd period - Drew Shore wins face-off versus Marian Gaborik in Blues zone.
17:18 of 2nd period - Backhand shot by Anton Stralman.
17:18 of 2nd period - Deflect By Cody Ceci.
17:18 of 2nd period - Stopped by Carey Price without a rebound.
17:19 of 2nd period - Nazem Kadri wins face-off versus Ryan O'Reilly in Blues zone.
17:34 of 2nd period - Slapshot by Marian Gaborik.
17:34 of 2nd period - Stopped by Carey Price with a rebound.
18:46 of 2nd period - Penalty to Gustav Nyquist is over, Gustav Nyquist is back on ice.
18:51 of 2nd period - Snap shot by Nick Bonino.
18:51 of 2nd period - Stopped by Carey Price with a rebound.
19:33 of 2nd period - Slapshot by Alex Pietrangelo.
19:33 of 2nd period - Stopped by Maxime Daigneault without a rebound.
19:34 of 2nd period - Jamie Arniel wins face-off versus Drew Shore in Devils zone.
19:34 of 2nd period - Jamie Arniel is hit by Fabian Brunnstrom.
Goals for this period are 0 for Blues vs 1 for Devils.
Shots for this period are 8 for Blues vs 18 for Devils.
3rd period
0:01 of 3rd period - Nazem Kadri wins face-off versus Nicklas Backstrom in neutral zone.
0:06 of 3rd period - David Perron is hit by Nazem Kadri and loses puck.
0:37 of 3rd period - Wrist shot by Filip Forsberg.
0:37 of 3rd period - Stopped by Maxime Daigneault without a rebound.
0:38 of 3rd period - Zach Parise wins face-off versus Ryan O'Reilly in Devils zone.
0:38 of 3rd period - Zach Parise is hit by Jake Gardiner.
1:33 of 3rd period - Slapshot by Matt Donovan.
1:33 of 3rd period - Deflect By Patrick Kaleta.
1:33 of 3rd period - Stopped by Carey Price without a rebound.
1:34 of 3rd period - Nicklas Backstrom wins face-off versus Brad Richards in Blues zone.
1:49 of 3rd period - Slapshot by Matt Donovan.
1:49 of 3rd period - Shot Hit the Post.
2:30 of 3rd period - Minor Penalty to Fabian Brunnstrom for Kneeing.
2:31 of 3rd period - Nazem Kadri wins face-off versus Drew Shore in Blues zone.
2:31 of 3rd period - Snap shot by Marian Gaborik.
2:31 of 3rd period - Stopped by Carey Price with a rebound.
2:33 of 3rd period - Slapshot by Anton Stralman.
2:33 of 3rd period - Deflect By Yann Sauvé.
2:33 of 3rd period - Goal by Anton Stralman - Blues : 1 - Devils : 3.
2:34 of 3rd period - Nicklas Backstrom wins face-off versus Tyler Ennis in neutral zone.
2:37 of 3rd period - Snap shot by Anthony Mantha.
2:37 of 3rd period - Goal by Anthony Mantha - Blues : 2 - Devils : 3.
2:38 of 3rd period - Nicklas Backstrom wins face-off versus Nazem Kadri in neutral zone.
2:55 of 3rd period - Backhand shot by David Perron.
2:55 of 3rd period - Shot Misses the Net.
3:05 of 3rd period - Ryan Murray is hit by Patrick Kaleta.
3:11 of 3rd period - Slapshot by Alex Pietrangelo.
3:11 of 3rd period - Stopped by Maxime Daigneault without a rebound.
3:12 of 3rd period - Brad Richards wins face-off versus Ryan O'Reilly in Devils zone.
3:29 of 3rd period - Wrist shot by Ryan O'Reilly.
3:29 of 3rd period - Stopped by Maxime Daigneault without a rebound.
3:30 of 3rd period - Nazem Kadri wins face-off versus Anthony Mantha in Devils zone.
3:30 of 3rd period - Nazem Kadri is hit by Anthony Mantha.
4:19 of 3rd period - Snap shot by Brad Richards.
4:19 of 3rd period - Shot Misses the Net.
4:41 of 3rd period - Wrist shot by Nazem Kadri.
4:41 of 3rd period - Stopped by Carey Price with a rebound.
4:43 of 3rd period - Snap shot by Tyler Ennis.
4:43 of 3rd period - Shot Misses the Net.
4:45 of 3rd period - Snap shot by Tyler Ennis.
4:45 of 3rd period - Stopped by Carey Price with a rebound.
6:03 of 3rd period - Slapshot by Brad Richards.
6:03 of 3rd period - Goal by Brad Richards - Blues : 2 - Devils : 4.
6:04 of 3rd period - Nicklas Backstrom wins face-off versus Nazem Kadri in neutral zone.
7:19 of 3rd period - Nick Bonino is hit by Jake Gardiner and loses puck.
7:36 of 3rd period - Wrist shot by Tyler Ennis.
7:36 of 3rd period - Deflect By Jake Gardiner.
7:36 of 3rd period - Shot Misses the Net.
7:36 of 3rd period - Puck is out of play.
7:37 of 3rd period - Nicklas Backstrom wins face-off versus Nazem Kadri in Blues zone.
8:04 of 3rd period - Marian Gaborik is hit by Ryan Murray and loses puck.
8:29 of 3rd period - Filip Forsberg is hit by Nazem Kadri and loses puck.
8:46 of 3rd period - Snap shot by Marian Gaborik.
8:46 of 3rd period - Shot Misses the Net.
8:54 of 3rd period - Wrist shot by Tyler Ennis.
8:54 of 3rd period - Stopped by Carey Price without a rebound.
8:55 of 3rd period - Nicklas Backstrom wins face-off versus Jamie Arniel in Blues zone.
8:59 of 3rd period - Off-side.
9:00 of 3rd period - Jamie Arniel wins face-off versus Nicklas Backstrom in neutral zone.
9:03 of 3rd period - Wrist shot by Jamie Arniel.
9:03 of 3rd period - Shot Misses the Net.
9:22 of 3rd period - Minor Penalty to Anthony Mantha for Hooking.
9:23 of 3rd period - Drew Shore wins face-off versus Brad Richards in Blues zone.
10:05 of 3rd period - Simon Gagné is hit by Marian Gaborik and loses puck.
10:38 of 3rd period - Yann Sauvé is hit by Nazem Kadri and loses puck.
11:22 of 3rd period - Penalty to Anthony Mantha is over, Anthony Mantha is back on ice.
11:44 of 3rd period - Ryan O'Reilly is hit by Martin Samuelsson and loses puck.
12:08 of 3rd period - Snap shot by Fabian Brunnstrom.
12:08 of 3rd period - Stopped by Maxime Daigneault without a rebound.
12:09 of 3rd period - Chris Stewart wins face-off versus Drew Shore in Devils zone.
12:44 of 3rd period - Thomas Hickey is hit by Drew Shore and loses puck.
13:05 of 3rd period - Snap shot by Nicklas Backstrom.
13:05 of 3rd period - Deflect By David Perron.
13:05 of 3rd period - Shot Misses the Net.
13:05 of 3rd period - Puck is out of play.
13:06 of 3rd period - Nicklas Backstrom wins face-off versus Tyler Ennis in Devils zone.
14:25 of 3rd period - Wrist shot by Tyler Ennis.
14:25 of 3rd period - Shot Hit the Post.
14:27 of 3rd period - Snap shot by Michael Del Zotto.
14:27 of 3rd period - Stopped by Carey Price with a rebound.
15:02 of 3rd period - Cody Ceci is hit by Matt Donovan.
15:20 of 3rd period - Kristopher Letang is hit by Jake Gardiner and loses puck.
15:27 of 3rd period - Wrist shot by Sergei Shirokov.
15:27 of 3rd period - Shot Blocked by Anton Stralman.
16:24 of 3rd period - Slapshot by Fabian Brunnstrom.
16:24 of 3rd period - Shot Blocked by Michael Del Zotto.
16:43 of 3rd period - Minor Penalty to Nick Bonino for Interference.
16:44 of 3rd period - Nicklas Backstrom wins face-off versus Martin Samuelsson in Devils zone.
16:49 of 3rd period - Snap shot by Nicklas Backstrom.
16:49 of 3rd period - Stopped by Maxime Daigneault without a rebound.
16:50 of 3rd period - Nicklas Backstrom wins face-off versus Martin Samuelsson in Devils zone.
17:19 of 3rd period - Slapshot by Shayne Gostisbehere.
17:19 of 3rd period - Shot Blocked by Josh Gorges.
17:21 of 3rd period - Wrist shot by Sergei Shirokov.
17:21 of 3rd period - Goal by Sergei Shirokov - Blues : 3 - Devils : 4.
17:22 of 3rd period - Brad Richards wins face-off versus Drew Shore in neutral zone.
17:47 of 3rd period - Anton Stralman is hit by Anthony Mantha and loses puck.
17:58 of 3rd period - Marian Gaborik is hit by Nicklas Backstrom and loses puck.
18:17 of 3rd period - Snap shot by Ryan O'Reilly.
18:17 of 3rd period - Goal by Ryan O'Reilly - Blues : 4 - Devils : 4.
18:18 of 3rd period - Brad Richards wins face-off versus Drew Shore in neutral zone.
19:17 of 3rd period - Ryan Murray is hit by Tyler Ennis and loses puck.
19:32 of 3rd period - Icing by Anton Stralman.
19:33 of 3rd period - Sergei Shirokov wins face-off versus Brad Richards in Devils zone.
19:36 of 3rd period - Slapshot by Vincent Lecavalier.
19:36 of 3rd period - Shot Misses the Net.
Goals for this period are 3 for Blues vs 2 for Devils.
Shots for this period are 8 for Blues vs 8 for Devils.
Overtime #1
0:01 of 1st overtime period - Nazem Kadri wins face-off versus Nicklas Backstrom in neutral zone.
0:05 of 1st overtime period - Off-side.
0:06 of 1st overtime period - Nicklas Backstrom wins face-off versus Nazem Kadri in neutral zone.
0:09 of 1st overtime period - Slapshot by Cody Ceci.
0:09 of 1st overtime period - Deflect By Tyler Ennis.
0:09 of 1st overtime period - Stopped by Maxime Daigneault without a rebound.
0:10 of 1st overtime period - Nazem Kadri wins face-off versus Nicklas Backstrom in Devils zone.
0:10 of 1st overtime period - Nazem Kadri is hit by Anthony Mantha.
0:20 of 1st overtime period - Slapshot by Kristopher Letang.
0:20 of 1st overtime period - Stopped by Carey Price without a rebound.
0:21 of 1st overtime period - Nicklas Backstrom wins face-off versus Nazem Kadri in Blues zone.
1:32 of 1st overtime period - Sergei Shirokov is hit by Anton Stralman.
1:36 of 1st overtime period - Slapshot by Yann Sauvé.
1:36 of 1st overtime period - Stopped by Maxime Daigneault without a rebound.
1:37 of 1st overtime period - Sergei Shirokov wins face-off versus Nazem Kadri in Devils zone.
1:44 of 1st overtime period - Snap shot by Sergei Shirokov.
1:44 of 1st overtime period - Stopped by Maxime Daigneault without a rebound.
1:45 of 1st overtime period - Nazem Kadri wins face-off versus Nicklas Backstrom in Devils zone.
1:52 of 1st overtime period - Slapshot by Yann Sauvé.
1:52 of 1st overtime period - Deflect By Anthony Mantha.
1:52 of 1st overtime period - Shot Misses the Net.
1:52 of 1st overtime period - Puck is out of play.
1:53 of 1st overtime period - Nazem Kadri wins face-off versus Nicklas Backstrom in Devils zone.
2:54 of 1st overtime period - Slapshot by Ryan O'Reilly.
2:54 of 1st overtime period - Goal by Ryan O'Reilly - Blues : 5 - Devils : 4.
Goals for this period are 1 for Blues vs 0 for Devils.
Shots for this period are 4 for Blues vs 1 for Devils.